 Dungeon Crawl Stone Soup version 0.30-a0-694-g3340775977 (webtiles) character file.

Game seed: 14072490168599400929

403 Alitron123 the Thaumaturge (level 7, -1/40 HPs)
             Began as a Djinni Fire Elementalist on Jan 20, 2023.
             Slain by a lemure (3 damage)
             ... led by Pikel
             ... on level 4 of the Dungeon.
             The game lasted 00:09:15 (3373 turns).

Alitron123 the Thaumaturge (DjFE)                   Turns: 3373, Time: 00:09:15

Health: -1/40      AC:  2    Str:  5 (7)  XL:     7   Next: 11%
Gold:   264        EV: 12    Int: 17 (18) God:
                   SH:  0    Dex: 11 (14)

rFire   + + +      SeeInvis .    r - +1 dagger
rCold   x . .      Faith    .    (no shield)
rNeg    . . .      Spirit   .    a - +0 robe
rPois   ∞          Reflect  .    (helmet restricted)
rElec   .          Harm     .    (no cloak)
rCorr   +          Rampage  .    (no gloves)
Will    .....                    (boots unavailable)
Stlth   ++                       (no amulet)
HPRegen 0.26/turn                e - ring of resist corrosion
MPRegen 0.00/turn                f - ring of protection from fire

@: flying
A: sickness immunity, fire resistance 2, cold vulnerability 1, float, innate
caster, HP casting, extra vitality 1, antennae 1, frail 1
a: no special abilities


You were on level 4 of the Dungeon.
You visited 1 branch of the dungeon, and saw 4 of its levels.

You collected 264 gold pieces.

Inventory:

Hand Weapons
 r - a +1 dagger (weapon)
Armour
 a - a +0 robe (worn)
Jewellery
 e - a ring of resist corrosion (left hand)
 f - a ring of protection from fire (right hand)
Scrolls
 d - 3 scrolls of teleportation
 i - 2 scrolls of noise
 j - a scroll of amnesia
 m - a scroll of fog
 q - a scroll of fear
Potions
 b - a potion of magic
 c - 2 potions of cancellation {unknown}
 k - 2 potions of degeneration


   Skills:
 - Level 0.1 Fighting
 * Level 2.9 Dodging
 + Level 2.1 Stealth
 + Level 10.8 Spellcasting


You had 9 spell levels left.
You knew the following spells:

 Your Spells              Type           Power      Damage    Failure   Level
a - Foxfire               Conj/Fire      100%       2x1d9     1%          1
b - Scorch                Fire           92%        2d9       1%          2
c - Kindle Blastsparks    Fire/Tloc/Air  92%        2d17      1%          3
d - Inner Flame           Hex/Fire       46%        N/A       1%          3
e - Flame Wave            Conj/Fire      46%        2d12      1%          4
f - Sting                 Tmut/Pois      100%       1d8       1%          1
g - Poisonous Vapours     Pois/Air       92%        N/A       1%          2
h - Blink                 Tloc           92%        N/A       1%          2
Your spell library was empty.

Dungeon Overview and Level Annotations

Branches:
Dungeon (4/15)
 Temple: D:4-7

Altars:

Annotations:
D:4 Pikel


Innate Abilities, Weirdness & Mutations

You are immune to sickness and miasma.
You are immune to poison.
Your flesh is very heat resistant. (rF++)
You are vulnerable to cold. (rC-)
You float through the air rather than walking.
You learn spells naturally, not from books.
Your magical power is your life essence.
You have superior vitality. (+4 MHP)
You have a pair of small antennae on your head.
You are frail. (-10% HP)


Message History

A lemure comes into view.
The foxfire hits the lemure.
The lemure is lightly wounded.
An adder comes into view.
The white imp gestures at you. The puff of frost hits you!
You feel a terrible chill!
Search for what [Enter for "."]?
Okay, then.
Read: scroll of poison
Press: ? - help, Dir - look around, f - activate The air fills with toxic fumes!
As you read the scroll of poison, it crumbles to dust.
Casting: Foxfire (safe; 1% risk of failure)
Confirm with . or Enter, or press ? or * to list all spells.
You conjure some foxfire!
The lemure closely misses you. The lemure hits you!
Casting: Foxfire (safe; 1% risk of failure)
Confirm with . or Enter, or press ? or * to list all spells.
Flames lash the lemure.
The lemure is heavily wounded.
The lemure's fire resistance burns away.
The lemure closely misses you. x2
Casting: Scorch (safe; 1% risk of failure)
Confirm with . or Enter, or press ? or * to list all spells.
Flames lash Pikel.
Pikel is lightly wounded.
Pikel's fire resistance burns away.
* * * LOW HITPOINT WARNING * * *
Pikel waves his whip at you. The lemure hits you!
* * * LOW HITPOINT WARNING * * *
You feel better. The lemure hits you!
* * * LOW HITPOINT WARNING * * *
Casting: Scorch (safe; 1% risk of failure)
Confirm with . or Enter, or press ? or * to list all spells.
Flames lash the lemure.
The lemure is heavily wounded.
The lemure's fire resistance burns away.
* * * LOW HITPOINT WARNING * * *
Pikel barely misses you. The lemure hits you.
You die...

..# #....#....+.....#
..#
#☼§§§#§☼§§#....#.....#
..# #§§☼5#.§§§#....#
...# ..#
§.§§#.§§§###### ..# §
#§K§#.§☼§# ..#
#'##§§5#.§§§# ..#
§S☼§§5§#.§§§# ..+
§§§§§§K#.§§☼# ..#
§§§§§55@v☼§§# ..####
§###§###§§§§# ......
.☼§§§# ...... ..§§§§#
...... #..☼§§§#
......# #..§§§§#
......# #..☼§§§#
+#....# #..§§§§#
.#....#


You could see Pikel (combustible), 4 lemures, an adder, a white imp and a
kobold.

Vanquished Creatures
  An iguana (D:3)
  3 gnolls (D:2)
  8 adders
  A worm (D:3)
  2 dart slugs
  10 orcs
  7 bats
  7 endoplasms
  4 giant cockroaches
  7 goblins
  10 hobgoblins
  2 jackals (D:1)
  4 quokkas
  4 ball pythons
  2 frilled lizards
  9 kobolds
  2 rats
83 creatures vanquished.

Vanquished Creatures (others)
  118 foxfires
118 creatures vanquished.

Grand Total: 201 creatures vanquished

Notes
Turn   | Place    | Note
-------+----------+-------------------------------------------
     0 | D:1      | Alitron123 the Djinni Fire Elementalist began the quest for
                  | the Orb.
     0 | D:1      | Alitron123 set off with the following spells memorised:
                  | Foxfire, Scorch, Kindle Blastsparks, Inner Flame, Flame
                  | Wave.
     0 | D:1      | Reached XP level 1. HP: 15/15 MP: 0/0
   124 | D:1      | Reached XP level 2. HP: 21/21 MP: 0/0
   375 | D:1      | Reached XP level 3. HP: 25/25 MP: 0/0
   375 | D:1      | Learned a level 1 spell: Sting
   380 | D:1      | Reached skill level 3 in Spellcasting
  1230 | D:2      | Reached XP level 4. HP: 24/31 MP: 0/0
  1754 | D:2      | Reached XP level 5. HP: 30/35 MP: 0/0
  1754 | D:2      | Learned a level 2 spell: Poisonous Vapours
  2406 | D:3      | Reached skill level 4 in Spellcasting
  2871 | D:3      | Reached XP level 6. HP: 40/40 MP: 0/0
  2923 | D:3      | Reached skill level 10 in Spellcasting
  2923 | D:3      | Reached XP level 7. HP: 45/45 MP: 0/0
  2923 | D:3      | Learned a level 2 spell: Blink
  2927 | D:3      | Gained mutation: You have a pair of small antennae on your
                  | head. [potion of mutation]
  2927 | D:3      | Gained mutation: You are frail. (-10% HP) [potion of
                  | mutation]
  3365 | D:4      | Noticed Pikel
  3373 | D:4      | Slain by a lemure

Illustrated notes

Levels and vault maps discovered:
D:1:      scummos_arrival_forest, layout_basic
D:2:      layout_basic
D:3:      minmay_door_path, layout_loops_ring, kennysheep_decorative_pillar
D:4:      layout_gridville, uniq_pikel

Skill      XL: |  1  2  3  4  5  6 |
---------------+-------------------+-----
Spellcasting   | 3 4 10 | 10.8
Stealth        | 2 |  2.1
Fighting       | |  0.1
Dodging        | |  2.9

Action                   |  1- 3 |  4- 6 |  7- 9 || total
-------------------------+-------+-------+-------++-------
Melee: Unarmed           |     4 |       |       ||     4
 Cast: Foxfire           |    31 |    28 |    20 ||    79
       Scorch            |    24 |    27 |     5 ||    56
  Use: Scroll            |       |     7 |     1 ||     8
       Potion            |       |     1 |     7 ||     8
Armor: Robe              |     7 |     3 |       ||    10
Dodge: Dodged            |    17 |     6 |     5 ||    28

Table legend: (Time is in decaauts)
 A = Elapsed time spent in this place.
 B = Non-inter-level travel time spent in this place.
 C = Inter-level travel time spent in this place.
 D = Time resting spent in this place.
 E = Time spent auto-exploring this place.
 F = Levels seen in this place.
 G = Mean time per level.
                   A        B        C        D        E       F      G
               +--------+--------+--------+--------+--------+-----+--------+
         Total |   3370 |   3168 |    202 |      0 |   2652 |   4 |  842.5 |
       Dungeon |   3370 |   3168 |    202 |      0 |   2652 |   4 |  842.5 |
               +--------+--------+--------+--------+--------+-----+--------+

Top non-repeatable levels by time:
     D:1: 1198 daAuts
     D:2: 936 daAuts
     D:3: 825 daAuts
     D:4: 409 daAuts
